 Dungeon Crawl Stone Soup version 0.25.1-2-g60ff931df9 (webtiles) character file.

Game seed: 15157159257027164852

44 mashulace the Skirmisher (level 3, -7/29 HPs)
             Began as a Demonspawn Berserker on Nov 15, 2020.
             Was a Believer of Trog.
             Mangled by Sigmund
             ... wielding a +0 scythe
              (15 damage)
             ... on level 2 of the Dungeon.
             The game lasted 00:04:32 (1326 turns).

mashulace the Skirmisher (Demonspawn Berserker)     Turns: 1326, Time: 00:04:32

Health: -7/29      AC:  3    Str: 17    XL:     3   Next: 39%
Magic:  3/3        EV: 11    Int:  8    God:    Trog [**....]
Gold:   51         SH:  3    Dex: 13    Spells: 2/2 levels left

rFire    . . .     SeeInvis .   a - +0 falchion
rCold    . . .     Gourm    .   c - +0 buckler
rNeg     . . .     Faith    .   b - +0 animal skin
rPois    .         Spirit   .   (no helmet)
rElec    .         Reflect  .   (no cloak)
rCorr    .         Harm     .   (no gloves)
MR       .....                  q - +0 pair of boots
Stlth    ++........             (no amulet)
HPRegen  0.09/turn              (no ring)
MPRegen  0.08/turn              (no ring)

@: no status effects
A: talons 1, nightstalker 1
a: Berserk, Trog's Hand, Renounce Religion


You were on level 2 of the Dungeon.
You worshipped Trog.
Trog was pleased with you.
You were not hungry.

You visited 1 branch of the dungeon, and saw 2 of its levels.

You collected 51 gold pieces.

Inventory:

Hand Weapons
 a - a +0 falchion (weapon)
Armour
 b - a +0 animal skin (worn)
 c - a +0 buckler (worn)
 q - a +0 pair of boots (worn)
Scrolls
 e - a scroll of enchant weapon {unknown}
 f - 3 scrolls of identify {unknown}
 i - a scroll of magic mapping {unknown}
 k - a scroll of immolation {unknown}
 l - a scroll of fear {unknown}
 m - a scroll of random uselessness {unknown}
 n - a scroll of fog {unknown}
 o - a scroll of remove curse {unknown}
Potions
 d - a potion of curing {unknown}
 h - a potion of stabbing {unknown}
 p - a potion of degeneration {unknown}
Comestibles
 g - 4 chunks of flesh


   Skills:
 + Level 3.4 Fighting
 + Level 3.4 Long Blades
 + Level 2.1 Armour
 + Level 2.0 Dodging
 + Level 0.1 Stealth


You had 2 spell levels left.
You didn't know any spells.
Your spell library was empty.

Dungeon Overview and Level Annotations

Branches:
Dungeon (2/15)

Altars:

Annotations:
D:2 Sigmund


Innate Abilities, Weirdness & Mutations

You have sharp toenails.
You are slightly more attuned to the shadows.


Message History

Something hits you!
* * * LOW HITPOINT WARNING * * *
You feel much better.
You hear some strange, mumbled words.
A magic dart appears from out of thin air!
The magic dart hits you!
You barely miss something. Something hits you.
You closely miss something. Something completely misses you.
You closely miss something.
You hear some strange, mumbled words.
A magic dart appears from out of thin air!
The magic dart hits you.
You miss something.
You hear some strange, mumbled words.
A magic dart appears from out of thin air!
The magic dart hits you.
* * * LOW HITPOINT WARNING * * *
Something hits you!
Ouch! That really hurt!
You die...

#....###....#
#...# #.####
##.. #.#
#..####.#
........####
#[.........#.#
#.##..{......#
#.##.##.### #.
#@# .# .. #.#
# .> ..# ..
...# ...##
.... #####


There were no monsters in sight!

Vanquished Creatures
  2 dart slugs (D:1)
  A leopard gecko (D:1)
  2 bats (D:1)
  A giant cockroach (D:1)
  A goblin (D:1)
  11 hobgoblins
  2 jackals (D:1)
  5 kobolds
  A quokka (D:2)
  A ball python (D:1)
  4 frilled lizards (D:1)
  3 rats (D:1)
34 creatures vanquished.

Notes
Turn   | Place    | Note
-------+----------+-------------------------------------------
     0 | D:1      | mashulace the Demonspawn Berserker began the quest for the
                  | Orb.
     0 | D:1      | Reached XP level 1. HP: 18/18 MP: 1/1
    58 | D:1      | Gained mutation: You have sharp toenails. [demonic
                  | ancestry]
    58 | D:1      | Reached XP level 2. HP: 16/24 MP: 2/2
   663 | D:1      | Gained mutation: You are slightly more attuned to the
                  | shadows. [demonic ancestry]
   663 | D:1      | Reached XP level 3. HP: 27/29 MP: 3/3
   665 | D:1      | Reached ** piety under Trog
  1299 | D:2      | Noticed Sigmund
  1326 | D:2      | Mangled by Sigmund

Illustrated notes

Levels and vault maps discovered:
D:1:      lightli_arrival_statue_moat, layout_basic, minmay_small_reverse_x
D:2:      layout_loops_ring, grunt_temple_overflow_opulence, zin_statuary,
          uniq_sigmund, uniq_jessica

Skill      XL: |  1  2 |
---------------+-------+-----
Long Blades    | 3 |  3.4
Armour         | 2 |  2.1
Dodging        | 2 |  2.0
Fighting       | |  3.4
Stealth        | |  0.1

Action                   || total
-------------------------++-------
Melee: Falchion          ||    76
       Kick              ||    14
  Use: Potion            ||     2
 Stab: Sleeping          ||     2
  Eat: Ration            ||     1
Armor: Animal skin       ||     5
Dodge: Dodged            ||    56
Block: Buckler           ||     1
       Rpst.: Falchion   ||    13
